AoeStats
← nguyen.tranchk32.dlu

Nomad

510359142Analyzed
2v2 RM · 1d ago on Sep 30, 2026· 27m 42s· 4 players
Game mode
Random Map
Map size
176×176
Population
200
Speed
Normal
Resources
Standard
Victory
Conquest
Starting age
Dark Age
Ending age
Imperial Age
RankedLock teamsTeams togetherTeam positionsShared explorationLock speedFull tech treeHidden civsTurbo modeCheats
Victory
Defeat
🇩🇪 Georgians · Germany
1099
+14
🇻🇳 Vikings · Vietnam
1066
+16
🇩🇪 Spanish · Germany
1061
-15
🇩🇪 Britons · Germany
1059
-15
nguyen.tranchk32.dlu
4:06 Loom
14:44 Feudal Age
19:28 Castle Age
17:25 Double-Bit Axe
17:30 Fishing Lines
21:09 Scale Barding Armor
21:16 Bow Saw
20:58 Gold Mining
23:50 Chain Barding Armor
25:00 Forging
WiLLeX
9:05 Loom
13:38 Feudal Age
19:00 Castle Age
17:58 Bloodlines
19:06 Forging
19:01 Scale Barding Armor
19:11 Fishing Lines
20:29 Wheelbarrow
19:39 Town Watch
22:20 Scale Barding Armor
23:58 Hand Cart
23:43 Town Patrol
24:12 Town Patrol
27:25 Gillnets
27:23 Treadmill Crane
Stahl
5:03 Loom
15:37 Feudal Age
16:43 Double-Bit Axe
20:20 Castle Age
20:22 Gold Mining
21:27 Bow Saw
21:39 Bloodlines
21:56 Pikeman
23:49 Horse Collar
24:28 Fishing Lines
Lustknubbel
7:44 Loom
13:41 Feudal Age
19:05 Castle Age
19:04 Stone Mining
21:07 Town Watch
21:07 Horse Collar
23:49 Wheelbarrow
23:33 Fletching
23:23 Pikeman
25:51 Double-Bit Axe
Connection lost

Rejoining the realm…

Still unreachable

The connection could not be restored.

Session expired

The server has moved on; the page needs a fresh start.